 Dungeon Crawl Stone Soup version 0.26-a0-639-g72c4674329 (webtiles) character file.

Game seed: 5026610487125042109

909 Flugslaktarn the Skirmisher (level 7, -3/66 HPs)
             Began as a Minotaur Fighter on Sept 23, 2020.
             Was an Initiate of Ru.
             Slain by Prince Ribbit (15 damage)
             ... on level 6 of the Dungeon.
             The game lasted 00:01:40 (4098 turns).

Flugslaktarn the Skirmisher (Minotaur Fighter)      Turns: 4098, Time: 00:01:40

Health: -3/66      AC: 11    Str: 21    XL:     7   Next: 81%
Magic:  6/6        EV:  5    Int:  7    God:    Ru [......]
Gold:   239        SH:  9    Dex:  9    Spells: 6/6 levels left

rFire    + . .     SeeInvis .   a - +0 war axe
rCold    + . .     Faith    .   c - +0 kite shield
rNeg     . . .     Spirit   .   h - +0 chain mail
rPois    .         Reflect  .   k - +1 hat
rElec    .         Harm     .   i - scarf {rC+ rF+}
rCorr    .         Rampage  .   (no gloves)
MR       .....                  l - +0 pair of boots (curse)
Stlth    ..........             (no amulet)
HPRegen  0.21/turn              (no ring)
MPRegen  0.10/turn              (no ring)

@: drained
A: retaliatory headbutt, horns 2
a: Renounce Religion


You were on level 6 of the Dungeon.
You worshipped Ru.
Ru was noncommittal.
You visited 1 branch of the dungeon, and saw 6 of its levels.

You collected 239 gold pieces.

Inventory:

Hand Weapons
 a - a +0 war axe (weapon)
Armour
 b - a +0 scale mail
 c - a +0 kite shield (worn)
 h - a +0 chain mail (worn)
   (You found it on level 2 of the Dungeon)
 i - a scarf of resistance (worn)
   (You found it on level 4 of the Dungeon)
 k - a +1 hat (worn)
   (You found it on level 5 of the Dungeon)
 l - a cursed +0 pair of boots (worn)
   (You found it on level 4 of the Dungeon)
Jewellery
 m - a ring of the Octopus King {Wiz AC+1 EV+1 Str+1 Int+1 Dex+1, unknown}
   (You found it on level 4 of the Dungeon)

   [ring of wizardry]

   It improves your spell success rate.
   It affects your AC (+1).
   It affects your evasion (+1).
   It affects your strength (+1).
   It affects your intelligence (+1).
   It affects your dexterity (+1).
Wands
 s - a wand of polymorph (6)
   (You found it on level 6 of the Dungeon)
Scrolls
 e - a scroll of magic mapping {unknown}
 f - 2 scrolls of teleportation {unknown}
 j - 2 scrolls of immolation {unknown}
 o - 3 scrolls of identify {unknown}
Potions
 d - a potion of magic {unknown}
 g - 2 potions of mutation {unknown}
 n - a potion of resistance {unknown}
 p - a potion of heal wounds {unknown}
 q - a potion of degeneration {unknown}
 r - a potion of stabbing {unknown}


   Skills:
 * Level 7.2(6.1) Fighting
 * Level 6.6(5.5) Axes
 + Level 5.5(4.4) Armour
 + Level 5.5(4.4) Shields


You had 6 spell levels left.
You didn't know any spells.
Your spell library was empty.

Dungeon Overview and Level Annotations

Branches:
Dungeon (6/15)
 Temple: D:4-7

Altars:
Dithmenos
Gozag
Kikubaaqudgha
Qazlal
Ru

Annotations:
D:6 Prince Ribbit


Innate Abilities, Weirdness & Mutations

You reflexively headbutt those who attack you in melee.
You have a pair of horns on your head.


Message History

Prince Ribbit hits you. You block Prince Ribbit's attack.
You barely miss Prince Ribbit.
Prince Ribbit is severely wounded.
Prince Ribbit hits you!
You are too injured to fight recklessly!
You are too injured to fight recklessly!
You are too injured to fight recklessly!
You closely miss Prince Ribbit.
Prince Ribbit is severely wounded.
You block Prince Ribbit's attack.
Prince Ribbit hits you but does no damage.
You miss Prince Ribbit.
Prince Ribbit is severely wounded.
Prince Ribbit hits you but does no damage. x2
You closely miss Prince Ribbit. Your headbutt misses Prince Ribbit.
Prince Ribbit is severely wounded.
Prince Ribbit hits you!
* * * LOW HITPOINT WARNING * * *
Prince Ribbit hits you!
You die...

####### #######
......# ##.....##
......# ##.......##
......# #..?.)....#
......# #.........#
..).(.# #.........#
##.#### #.........#
.#))## #....@....#
..)..#######....F....#
###...[.............(#
###......##.........#
#.....#.............#
#.###.#####(........#
##.# #>## ##.......##
...###..# #.......##
.####...# #.###..##


You could see Prince Ribbit.

Vanquished Creatures
  Menkaure (D:6)
  An ice beast (D:5)
  A phantom (D:5)
  A centaur (D:5)
  A scorpion (D:6)
  5 wights (D:6)
  A hound (D:6)
  An orc priest (D:4)
  2 orc wizards (D:4)
  3 worker ants
  6 adders
  An adder skeleton (D:4)
  A dart slug (D:5)
  2 leopard geckos (D:6)
  12 orcs
  A ball python (D:2)
  2 giant cockroaches
  A goblin (D:1)
  A hobgoblin (D:1)
  3 kobolds
  4 quokkas
  2 frilled lizards
53 creatures vanquished.

Vanquished Creatures (others)
  A quokka zombie (D:6)
  9 plants (D:6)
10 creatures vanquished.

Grand Total: 63 creatures vanquished

Notes
Turn   | Place    | Note
-------+----------+-------------------------------------------
     0 | D:1      | Flugslaktarn the Minotaur Fighter began the quest for the
                  | Orb.
     0 | D:1      | Reached XP level 1. HP: 19/19 MP: 0/0
   108 | D:2      | Reached XP level 2. HP: 14/27 MP: 1/1
   109 | D:2      | Reached skill level 4 in Fighting
   630 | D:4      | Reached XP level 3. HP: 30/33 MP: 2/2
   691 | D:4      | HP: 1/33 [orc priest/divine providence (8)]
   702 | D:4      | Reached XP level 4. HP: 5/41 MP: 3/3
  1060 | D:5      | Entered Level 5 of the Dungeon
  1370 | D:4      | Reached skill level 5 in Fighting
  1585 | D:4      | Found the ring of the Octopus King
  1592 | D:4      | Found a stormy altar of Qazlal.
  1594 | D:4      | Got a ring of the Octopus King
  1597 | D:4      | Found a shadowy altar of Dithmenos.
  1650 | D:4      | Reached XP level 5. HP: 48/48 MP: 4/4
  1883 | D:5      | Noticed a centaur
  1892 | D:5      | Killed a centaur
  1892 | D:5      | Reached XP level 6. HP: 37/56 MP: 5/5
  2075 | D:5      | Noticed an ice beast
  2079 | D:5      | Reached skill level 5 in Axes
  2085 | D:5      | Killed an ice beast
  2207 | D:5      | Reached skill level 6 in Fighting
  2207 | D:5      | Reached skill level 5 in Armour
  2644 | D:5      | Found an ancient bone altar of Kikubaaqudgha.
  2644 | D:5      | Found a sacrificial altar of Ru.
  2850 | D:5      | Became a worshipper of Ru the Awakened
  2864 | D:6      | Noticed Menkaure
  2872 | D:6      | Killed Menkaure
  2872 | D:6      | Reached skill level 5 in Shields
  2872 | D:6      | Reached XP level 7. HP: 18/64 MP: 6/6
  3560 | D:6      | Reached skill level 7 in Fighting
  3757 | D:6      | Found an opulent altar of Gozag.
  3778 | D:6      | Noticed Prince Ribbit
  4098 | D:6      | Slain by Prince Ribbit

Illustrated notes

Levels and vault maps discovered:
D:1:      minmay_arrival_shoal_huts, layout_basic, minmay_door_square
D:2:      layout_basic, nicolae_tso_swordbearing_angel, serial_curves,
          eino_curves_02, eino_curves_04
D:3:      layout_loops_ring, elyvilon_altar_5, nicolae_overflow_crystal_walls,
          lemuel_crystal_altar
D:4:      layout_loops_ring, minitemple
D:5:      layout_cave_pods, gammafunk_temple_overflow_elements,
          dk_noncrumbling_3
D:6:      layout_rooms, lemuel_round_altar, serial_bayou, serial_bayou_lake_a,
          serial_bayou_pond_e, serial_bayou_ford_a, serial_bayou_lagoon_a,
          serial_bayou_shore_b, uniq_blork_the_orc, uniq_menkaure,
          uniq_prince_ribbit1

Skill      XL: |  1  2  3  4  5  6  7 |
---------------+----------------------+-----
Fighting       | 4 5 6 7 |  7.2
Axes           | 3 4 5 6 |  6.6
Armour         | 4 5 |  5.5
Shields        | 4 5 |  5.5

Action                   |  1- 3 |  4- 6 |  7- 9 || total
-------------------------+-------+-------+-------++-------
Melee: War axe           |    45 |    98 |    82 ||   225
       Headbutt          |     4 |    15 |    11 ||    30
  Use: Potion            |     3 |       |       ||     3
Armor: Scale mail        |    19 |       |       ||    19
       Chain mail        |     4 |    49 |    47 ||   100
Dodge: Dodged            |    12 |    15 |    18 ||    45
Block: Kite shield       |    23 |    38 |    52 ||   113

Table legend: (Time is in decaauts)
 A = Elapsed time spent in this place.
 B = Non-inter-level travel time spent in this place.
 C = Inter-level travel time spent in this place.
 D = Time resting spent in this place.
 E = Time spent auto-exploring this place.
 F = Levels seen in this place.
 G = Mean time per level.
                   A        B        C        D        E       F      G
               +--------+--------+--------+--------+--------+-----+--------+
         Total |   4179 |   4014 |    165 |   1146 |   2295 |   6 |  696.5 |
       Dungeon |   4179 |   4014 |    165 |   1146 |   2295 |   6 |  696.5 |
               +--------+--------+--------+--------+--------+-----+--------+

Top non-repeatable levels by time:
     D:5: 1656 daAuts
     D:4: 1175 daAuts
     D:6: 722 daAuts
     D:2: 516 daAuts
     D:1: 85 daAuts
     D:3: 24 daAuts
